 Dungeon Crawl Stone Soup version 0.31-a0-358-gac0dbeb3ab (webtiles) character file.

Game seed: 14256297435347526330

11628 PostNTowers the Frost Mage (level 11, -3/93 HPs)
             Began as a Naga Ice Elementalist on July 20, 2023.
             Was a Priest of Vehumet.
             Slain by a two-headed ogre
             ... wielding a +0 giant club
              (21 damage)
             ... on level 2 of the Orcish Mines on July 26, 2023.
             The game lasted 00:45:19 (12330 turns).

PostNTowers the Frost Mage (Naga Ice Elementalist) Turns: 12330, Time: 00:45:20

Health: -3/93      AC: 22    Str: 10    XL:     11   Next: 80%
Magic:  13/24      EV: 11    Int: 27    God:    Vehumet [***...]
Gold:   1471       SH:  0    Dex: 11    Spells: 7/29 levels left

rFire   . . .        f - staff of cold
rCold   + . .        (no shield)
rNeg    . . .        a - +0 robe
rPois   +            (no helmet)
rElec   .            M - +1 cloak
rCorr   .            B - +0 pair of gloves
SInv    +            (no barding)
Will    +....        r - amulet of faith
Stlth   ++++         j - +6 ring of intelligence
HPRegen 0.35/turn    k - +4 ring of protection
MPRegen 0.19/turn

%: faith
@: ice-armoured, marked, freezing walls, slowed, very slow
A: AC +3, large, see invisible, deformed body, poison resistance, slowness 2,
spit poison 1, naga tail 1
a: Spit Poison, Renounce Religion


You were on level 2 of the Orcish Mines.
You worshipped Vehumet.
Vehumet was most pleased with you.
You visited 3 branches of the dungeon, and saw 13 of its levels.
You also visited: Bailey.

You collected 1471 gold pieces.

Inventory:

Missiles
 u - 7 throwing nets
Armour
 a - a +0 robe (worn)
 B - a +0 pair of gloves (worn)
 M - a +1 cloak (worn)
Magical Staves
 f - a staff of cold (weapon)
Jewellery
 j - a +6 ring of intelligence (left hand)
 k - a +4 ring of protection (right hand)
 r - an amulet of faith (around neck)
 H - a ring of magical power
Wands
 n - a wand of quicksilver (9)
 p - a wand of polymorph (6)
 x - a wand of flame (2)
 C - a wand of paralysis (4)
 K - a wand of roots (6)
Scrolls
 e - 2 scrolls of immolation
 i - 3 scrolls of teleportation
 m - a scroll of silence
 q - a scroll of blinking
 v - 2 scrolls of fear
 w - a scroll of torment
 y - 2 scrolls of enchant armour
 D - a scroll of identify
 J - a scroll of amnesia {unknown}
Potions
 b - a potion of magic
 c - a potion of invisibility
 d - 2 potions of haste {unknown}
 g - a potion of cancellation {unknown}
 h - 4 potions of heal wounds
 l - 2 potions of degeneration {unknown}
 o - 2 potions of ambrosia
 s - 3 potions of resistance {unknown}
 t - 5 potions of curing
 z - a potion of lignification
 E - a potion of brilliance {unknown}
 F - 3 potions of enlightenment
 G - 3 potions of mutation {unknown}
Miscellaneous
 I - a phantom mirror
 L - a sack of spiders


   Skills:
 * Level 4.6 Fighting
 * Level 4.3 Staves
 * Level 4.4 Dodging
 * Level 8.5 Stealth
 * Level 9.6 Spellcasting
 * Level 4.7 Conjurations
 * Level 5.0 Summonings
 * Level 10.2 Ice Magic
 + Level 2.1 Evocations


You had 7 spell levels left.
You knew the following spells:

 Your Spells              Type           Power      Damage    Failure   Level
a - Freeze                Ice            100%       1d10      1%          1
b - Frozen Ramparts       Ice            100%       1d16      1%          3
c - Summon Ice Beast      Ice/Summ       69%        N/A       1%          4
d - Hailstorm             Conj/Ice       68%        3d14      1%          3
e - Ozocubu's Armour      Ice            80%        N/A       1%          3
f - Metabolic Englaciati  Hex/Ice        28%        N/A       16%         5
g - Stone Arrow           Conj/Erth      50%        3d10      1%          3

Your spell library contained the following spells:

 Spells                   Type           Power      Damage    Failure   Level
 Slow                     Hex            48%        N/A       4%          1
 Confusing Touch          Hex            12%        N/A       14%         3
 Vampiric Draining        Necr           12%        2d6       14%         3
 Petrify                  Tmut/Erth      12%        N/A       41%         4
 Simulacrum               Ice/Necr       28%        N/A       63%         6


Dungeon Overview and Level Annotations

Branches:
Dungeon (10/15)            Temple (1/1) D:7            Lair (0/5) D:8
    Orc (2/2) D:10            Elf (0/3) Orc:2        Bailey (visited)

Altars:
Ashenzari
Cheibriados
Dithmenos
Elyvilon
Fedhas
Gozag
Hepliaklqana
Kikubaaqudgha
Makhleb
Nemelex Xobeh
Okawaru
Qazlal
Ru
Sif Muna
Trog
Uskayaw
Vehumet
Wu Jian
Xom
Yredelemnul
Zin
The Shining One


Innate Abilities, Weirdness & Mutations

Your serpentine skin is tough. (AC +3)
You have supernaturally acute eyesight. (SInv)
Armour fits poorly on your strangely shaped body.
Your system is resistant to poisons. (rPois)
You cover ground very slowly.
You can spit poison.
You have a snake-like lower body.


Message History

A two-headed ogre comes into view.
It is wielding a +0 giant club and a +0 giant spiked club.
The ogre moves out of view.
A two-headed ogre comes into view.
It is wielding a +0 giant spiked club and a +0 dire flail.
Casting: Hailstorm (safe; 1% risk of failure)
Confirm with . or Enter, or press ? or * to list all spells.
Casting: Hailstorm (safe; 1% risk of failure)
Press: ? - help, Dir - look around, f - activate You feel a surge of power!
A cannonade of hail descends around you!
The hail pelts the two-headed ogre!!
You kill the two-headed ogre!
Vehumet accepts your kill.
You feel your power returning.
The hail pelts the ogre mage!!
The ogre mage is heavily wounded.
The hail pelts the two-headed ogre!!
The two-headed ogre is severely wounded.
The hail pelts the two-headed ogre!!!
The two-headed ogre is severely wounded.
The hail pelts the ogre mage!
The ogre mage is moderately wounded.
You have got your breath back.
The wall freezes the two-headed ogre.
The two-headed ogre hits you with a +0 giant club!
The two-headed ogre hits you with a +0 giant club!!
* * * LOW HITPOINT WARNING * * *
The wall freezes the two-headed ogre!
The two-headed ogre closely misses you.
The two-headed ogre hits you with a +0 giant club.
* * * LOW HITPOINT WARNING * * *
The ogre mage gestures at the two-headed ogre while chanting.
The two-headed ogre seems to speed up.
The wall freezes the two-headed ogre.
The wall freezes the ogre mage!
The ogre mage closely misses you.
The wall freezes the two-headed ogre.
The two-headed ogre barely misses you. x2
Your ice beast hits the two-headed ogre.
Your ice beast freezes the two-headed ogre!
Your phantom mirror has recharged.
A two-headed ogre comes into view. It is wielding two +0 giant clubs.
Your icy armour and frozen ramparts will break if you move.
Continue?
The two-headed ogre attacks as you move away!
The two-headed ogre hits you with a +0 giant club!!
You die...

........### ##.........#.###..[[.
##........####........#...##.....
.............#..........[..)))...
..................#.....).[.[....
....#.......................#....
....####........#..........####..
... ##.#......#.#.#......# #.. ..
####.#....#......#..# ##.
#..##Y@###.##..#### ##
.....).OO#####...# #.##.O..OOO#
##.## ###...##OOOO# ### .....
..O.O.. ..... ....O... .###
###O.####


OOO You could see 12 two-headed ogres, 4 ogre magi, an ogre and a friendly ice
beast (summoned).

Vanquished Creatures
  Harold (Orc:1)
  2 two-headed ogres
  A tengu warrior (D:10)
  Sonja (Orc:2)
  2 orc knights (Bailey)
  Maurice (Orc:2)
  An unseen horror (D:10)
  A troll (Orc:1)
  A hornet (D:5)
  Sigmund (D:3)
  A wraith (D:9)
  2 wyverns
  3 yaks (D:10)
  Grum (D:8)
  Edmund (D:5)
  An acid dragon (D:8)
  12 orc warriors
  2 black bears
  A sky beast (D:7)
  2 ogres
  3 wolves (D:8)
  2 centaurs
  A kobold brigand (D:8)
  3 bullfrogs
  2 scorpions (D:5)
  4 killer bees (D:8)
  5 howler monkeys
  4 jellies
  4 orc priests
  2 gnoll boudas
  3 hounds
  Terence (D:3)
  An iguana (D:5)
  10 orc wizards
  10 gnolls
  6 adders
  3 shadow imps
  3 worms
  4 dart slugs
  39 orcs
  5 endoplasms
  5 giant cockroaches
  11 goblins
  6 hobgoblins
  20 kobolds
  3 quokkas
  6 ball pythons
  4 bats (D:2)
  A frilled lizard (D:3)
  6 rats
215 creatures vanquished.

Vanquished Creatures (collateral kills)
  An orc high priest (Orc:2)
  A yak (D:10)
  A warg (Orc:2)
  4 orc warriors
  An ice beast (D:7)
  A wolf (D:8)
  3 ogres
  A howler monkey (D:10)
  3 orc priests
  3 orc wizards (Orc:1)
  9 orcs
  7 goblins
  A hobgoblin (Bailey)
  2 kobolds
38 creatures vanquished.

Grand Total: 253 creatures vanquished

Notes
Turn   | Place    | Note
-------+----------+-------------------------------------------
     0 | D:1      | PostNTowers the Naga Ice Elementalist began the quest for
                  | the Orb.
     0 | D:1      | Reached XP level 1. HP: 15/15 MP: 3/3
   285 | D:1      | Reached XP level 2. HP: 22/22 MP: 3/5
   913 | D:2      | Reached XP level 3. HP: 28/28 MP: 6/6
  1060 | D:2      | Learned a level 3 spell: Frozen Ramparts
  1434 | D:2      | Reached XP level 4. HP: 35/36 MP: 1/8
  2041 | D:3      | Learned a level 4 spell: Summon Ice Beast
  2163 | D:3      | Noticed Terence
  2213 | D:3      | Killed Terence
  2445 | D:3      | Noticed Sigmund
  2451 | D:3      | Killed Sigmund
  2452 | D:3      | Reached skill level 1 in Summonings
  2452 | D:3      | Reached skill level 5 in Ice Magic
  2452 | D:3      | Reached XP level 5. HP: 32/42 MP: 6/11
  2452 | D:3      | Reached XP level 6. HP: 37/49 MP: 6/12
  2998 | D:3      | Upgraded the game from 0.31-a0-331-geda263fcf1 to
                  | 0.31-a0-339-gda1cbd555d
  4033 | D:5      | Entered Level 5 of the Dungeon
  4060 | D:5      | Reached XP level 7. HP: 55/56 MP: 8/14
  4064 | D:5      | Learned a level 3 spell: Hailstorm
  4068 | D:5      | Learned a level 3 spell: Ozocubu's Armour
  4333 | D:5      | Reached skill level 6 in Ice Magic
  4381 | D:5      | Noticed a hornet
  4389 | D:5      | Killed a hornet
  4390 | D:5      | Reached skill level 1 in Fighting
  4390 | D:5      | Reached skill level 5 in Spellcasting
  4534 | D:5      | Found a sacrificial altar of Ru.
  4560 | D:5      | Noticed Edmund
  4570 | D:5      | Killed Edmund
  4571 | D:5      | Reached skill level 1 in Conjurations
  4571 | D:5      | Reached XP level 8. HP: 52/64 MP: 3/16
  5211 | D:5      | Found a sparkling altar of Nemelex Xobeh.
  5213 | D:5      | Found a glowing golden altar of the Shining One.
  5213 | D:5      | Found a shadowy altar of Dithmenos.
  5214 | D:5      | Found an ornate altar of the Wu Jian Council.
  5214 | D:5      | Found a bloodstained altar of Trog.
  5768 | D:6      | Identified the +5 hand axe of Imbalance {flame, rC- rCorr
                  | Dex+3}
  5882 | D:6      | Reached skill level 1 in Staves
  5882 | D:6      | Reached skill level 7 in Ice Magic
  6070 | D:7      | Found a shimmering blue altar of Sif Muna.
  6095 | D:7      | Reached skill level 1 in Evocations
  6306 | D:7      | Reached skill level 5 in Stealth
  6401 | D:7      | Reached XP level 9. HP: 62/73 MP: 15/18
  6688 | D:7      | Found a staircase to the Ecumenical Temple.
  6705 | Temple   | Entered the Ecumenical Temple
  6780 | Temple   | Became a worshipper of Vehumet
  7532 | D:8      | Upgraded the game from 0.31-a0-339-gda1cbd555d to
                  | 0.31-a0-358-gac0dbeb3ab
  7541 | D:8      | Noticed Grum
  7547 | D:8      | Killed Grum
  7692 | D:8      | Found a staircase to the Lair.
  7760 | D:8      | Reached * piety under Vehumet
  7760 | D:8      | Offered knowledge of Magic Dart by Vehumet.
  7845 | D:9      | Reached skill level 8 in Ice Magic
  8559 | D:9      | Reached XP level 10. HP: 58/84 MP: 11/21
  8912 | D:10     | Entered Level 10 of the Dungeon
  8918 | D:10     | Noticed an unseen horror
  8925 | D:10     | Killed an unseen horror
  8941 | D:10     | Found a flagged portal.
  8953 | Bailey   | Entered a bailey
  9062 | Bailey   | Noticed an orc knight
  9074 | Bailey   | Killed an orc knight
  9162 | Bailey   | Learned a level 5 spell: Metabolic Englaciation
  9189 | Bailey   | Noticed an orc knight
  9199 | Bailey   | Killed an orc knight
  9674 | D:10     | Reached ** piety under Vehumet
  9674 | D:10     | Offered knowledge of Static Discharge by Vehumet.
  9679 | D:10     | Reached skill level 9 in Ice Magic
 10063 | D:10     | Noticed a tengu warrior
 10080 | D:10     | Killed a tengu warrior
 10262 | D:10     | Noticed a two-headed ogre
 10272 | D:10     | Killed a two-headed ogre
 10273 | D:10     | Reached XP level 11. HP: 91/91 MP: 10/23
 10425 | D:10     | Found a staircase to the Orcish Mines.
 10654 | Orc:1    | Entered Level 1 of the Orcish Mines
 11254 | Orc:2    | Entered Level 2 of the Orcish Mines
 11257 | Orc:2    | Noticed an orc high priest
 11266 | Orc:2    | Offered knowledge of Momentum Strike by Vehumet.
 11268 | Orc:2    | Reached *** piety under Vehumet
 11272 | Orc:2    | Noticed a sixfirhy
 11275 | Orc:2    | Killed an orc high priest
 11488 | Orc:2    | Noticed Maurice
 11511 | Orc:2    | Killed Maurice
 11658 | Orc:2    | Found a staircase to the Elven Halls.
 11690 | Orc:1    | Noticed Harold
 11697 | Orc:1    | Killed Harold
 11748 | Orc:2    | Offered knowledge of Stone Arrow by Vehumet.
 11930 | Orc:1    | Reached skill level 10 in Ice Magic
 12222 | Orc:2    | Learned a level 3 spell: Stone Arrow
 12317 | Orc:2    | Noticed Sonja
 12323 | Orc:2    | Noticed a two-headed ogre
 12323 | Orc:2    | Noticed a two-headed ogre
 12324 | Orc:2    | Noticed a two-headed ogre
 12324 | Orc:2    | Noticed a two-headed ogre
 12324 | Orc:2    | Noticed an ogre mage
 12324 | Orc:2    | Noticed an ogre mage
 12325 | Orc:2    | Killed Sonja
 12326 | Orc:2    | Reached skill level 5 in Summonings
 12326 | Orc:2    | Noticed an ogre mage
 12326 | Orc:2    | Noticed a two-headed ogre
 12326 | Orc:2    | Noticed a two-headed ogre
 12326 | Orc:2    | Noticed an ogre mage
 12327 | Orc:2    | Noticed a two-headed ogre
 12327 | Orc:2    | Noticed a two-headed ogre
 12328 | Orc:2    | Noticed a two-headed ogre
 12328 | Orc:2    | Noticed a two-headed ogre
 12328 | Orc:2    | Noticed a two-headed ogre
 12329 | Orc:2    | Noticed a two-headed ogre
 12329 | Orc:2    | Killed a two-headed ogre
 12330 | Orc:2    | Noticed a two-headed ogre
 12330 | Orc:2    | Slain by a two-headed ogre

Illustrated notes

Levels and vault maps discovered:
D:1:      psy_arrival_statuary, layout_basic
D:2:      layout_basic, minmay_pentomino_p2
D:3:      layout_basic, uniq_terence, uniq_sigmund
D:4:      layout_gridville
D:5:      layout_basic, grunt_temple_overflow_open, minmay_bent, uniq_edmund
D:6:      layout_basic
D:7:      layout_rooms, lemuel_crystal_altar, minmay_temple_entry_nine_rooms,
          serial_corexii_hall, corexii_hall_statues_l, corexii_hall_statues_i
D:8:      layout_basic, lair_entry_dummy, uniq_grum
D:9:      layout_cave_pods
D:10:     layout_irregular_city, orc_0_dummy, enter_bailey_3,
          minmay_misc_feat_tower, chequers_serial_rivers_micro_b
Temple:   hellmonk_temple_of_storms
Orc:1:    layout_caves, uniq_harold
Orc:2:    st_orc_ogre_mass, layout_diamond_mine, basic_altar, uniq_maurice,
          uniq_sonja

Skill      XL: |  1  2  3  4  5  6  7  8  9 10 11 |
---------------+----------------------------------+-----
Spellcasting   | 4 5 6 7 8 9 |  9.6
Summonings     | 1 2 3 4 5 |  5.0
Ice Magic      | 5 6 7 8 9 10 | 10.2
Dodging        | 2 3 4 |  4.4
Fighting       | 1 2 3 4 |  4.6
Stealth        | 4 5 6 7 8 |  8.5
Conjurations   | 1 2 3 4 |  4.7
Staves         | 1 2 3 4 |  4.3
Evocations     | 1 2 |  2.1

Action                     |  1- 3 |  4- 6 |  7- 9 | 10-12 || total
---------------------------+-------+-------+-------+-------++-------
  Melee: Unarmed           |     1 |       |       |       ||     1
         Staff             |    16 |    11 |    75 |    43 ||   145
         Punch             |       |       |     3 |     1 ||     4
   Cast: Freeze            |    42 |    60 |   115 |    98 ||   315
         Frozen Ramparts   |     2 |     5 |    17 |    15 ||    39
         Ozocubu's Armour  |       |       |    10 |    14 ||    24
         Hailstorm         |       |       |     7 |    19 ||    26
         Summon Ice Beast  |       |       |     6 |    32 ||    38
         Metabolic Englaci |       |       |       |     2 ||     2
Ability: Spit Poison       |     1 |       |     6 |    10 ||    17
  Evoke: Phantom mirror    |       |       |       |     1 ||     1
    Use: Scroll            |     1 |     7 |     6 |     1 ||    15
         Potion            |       |       |       |     2 ||     2
   Stab: Sleeping          |     1 |       |     2 |       ||     3
         Distracted        |       |       |       |     1 ||     1
 Armour: Robe              |    12 |    15 |    82 |    76 ||   185
  Dodge: Dodged            |    22 |    27 |   105 |    90 ||   244

Table legend: (Time is in decaauts)
 A = Elapsed time spent in this place.
 B = Non-inter-level travel time spent in this place.
 C = Inter-level travel time spent in this place.
 D = Time resting spent in this place.
 E = Time spent auto-exploring this place.
 F = Levels seen in this place.
 G = Mean time per level.
                   A        B        C        D        E       F      G
               +--------+--------+--------+--------+--------+-----+--------+
         Total |  15105 |  14685 |    420 |    218 |  12255 |  14 | 1078.9 |
       Dungeon |  12296 |  11930 |    366 |     65 |  10331 |  10 | 1229.6 |
        Temple |    112 |     60 |     52 |      0 |     52 |   1 |  112.0 |
  Orcish Mines |   1893 |   1893 |      0 |    153 |   1335 |   2 |  946.5 |
        Bailey |    803 |    803 |      0 |      0 |    535 |   1 |  803.0 |
               +--------+--------+--------+--------+--------+-----+--------+

Top non-repeatable levels by time:
     D:5: 1680 daAuts
     D:2: 1679 daAuts
     D:9: 1407 daAuts
     D:4: 1325 daAuts
    D:10: 1300 daAuts
     D:3: 1203 daAuts
     D:8: 1129 daAuts
   Orc:2: 954 daAuts
   Orc:1: 938 daAuts
     D:7: 937 daAuts
     D:1: 877 daAuts
  Bailey: 803 daAuts
     D:6: 755 daAuts
  Temple: 112 daAuts
